 Dungeon Crawl Stone Soup version 0.23.2-1-ga50397a (webtiles) character file.

Game seed: 15776310963329362321

2818 Hogrash the Cleaver (level 9, -4/82 HPs)
             Began as a Hill Orc Monk on May 10, 2019.
             Was an Elder of Beogh.
             Slain by an orc warrior
             ... wielding a +0 glaive
              (12 damage)
             ... on level 6 of the Dungeon.
             The game lasted 00:22:16 (7654 turns).

Hogrash the Cleaver (Hill Orc Monk)                 Turns: 7654, Time: 00:22:17

Health: -4/82      AC: 19    Str: 17    XL:     9   Next: 72%
Magic:  9/9        EV:  6    Int: 10    God:    Beogh [****..]
Gold:   442        SH:  0    Dex: 13    Spells: 8/8 levels left

rFire    + + .     SeeInvis .   a - +1 war axe
rCold    . . .     Gourm    .   (no shield)
rNeg     . . .     Faith    +   j - +1 plate armour
rPois    .         Spirit   .   u - +0 helmet
rElec    .         Reflect  .   A - +0 cloak
rCorr    .         Harm     .   w - +0 pair of gloves
MR       .....                  i - +0 pair of boots
Stlth    ..........             J - amulet of faith
HPRegen  0.23/turn              r - ring of protection from fire
MPRegen  0.11/turn              k - ring of protection from fire

@: no status effects
A: no striking features
a: Smiting, Recall Orcish Followers, Renounce Religion


You were on level 6 of the Dungeon.
You worshipped Beogh.
Beogh was greatly pleased with you.
You were not hungry.

You visited 1 branch of the dungeon, and saw 6 of its levels.

You collected 442 gold pieces.

Inventory:

Hand Weapons
 a - a +1 war axe (weapon)
 y - a +1 spear of pain
 G - a +0 halberd
 H - a +0 halberd
 I - a +0 halberd
Armour
 b - a +0 robe
 h - a +0 chain mail
 i - a +0 pair of boots (worn)
 j - a +1 plate armour (worn)
 u - a +0 helmet (worn)
 w - a +0 pair of gloves (worn)
 A - a +0 cloak (worn)
Jewellery
 k - a ring of protection from fire (right hand)
 n - an uncursed ring of wizardry
 r - a ring of protection from fire (left hand)
 J - an amulet of faith (around neck)
Wands
 f - a wand of flame (11)
 s - a wand of random effects (14)
Scrolls
 d - 2 scrolls of amnesia
 e - 9 scrolls of identify
 m - 2 scrolls of fear {unknown}
 o - a scroll of enchant weapon
 B - a scroll of enchant armour
 C - 2 scrolls of random uselessness {unknown}
 D - a scroll of teleportation
 E - a scroll of remove curse {unknown}
 L - a scroll of summoning {unknown}
 M - a scroll of magic mapping {unknown}
Potions
 g - 2 potions of curing
 l - 3 potions of mutation {unknown}
 p - a potion of degeneration {unknown}
 q - 2 potions of might
 t - 3 potions of berserk rage {unknown}
 v - 2 potions of heal wounds
 x - 2 potions of cancellation {unknown}
 z - 2 potions of magic {unknown}
 F - a potion of resistance {unknown}
Comestibles
 c - 12 rations
 K - 3 chunks of flesh


   Skills:
 + Level 8.6 Fighting
 + Level 12.4 Axes
 + Level 6.9 Armour
 - Level 2.4 Dodging
 - Level 1.5 Stealth


You had 8 spell levels left.
You didn't know any spells.
Your spell library was empty.

Dungeon Overview and Level Annotations

Branches:
Dungeon (6/15)             Temple (0/1) D:5

Altars:


Message History

The orc warrior hits you with a +0 glaive!
* * * LOW HITPOINT WARNING * * *
Unknown command.
Your orc misses the orc warrior.
Your orc hits the orc warrior but does no damage.
Unknown command.
The orc warrior barely misses you.
Your orc hits the orc warrior but does no damage.
Unknown command.
You closely miss the orc warrior.
The orc warrior is lightly wounded.
Your orc misses the orc warrior.
The orc warrior hits you with a +0 glaive.
* * * LOW HITPOINT WARNING * * *
Unknown command.
Your orc warrior hits the orc warrior!
Your orc barely misses the orc warrior. x2
Something hits the orc warrior!
The orc warrior hits you from afar with a +0 glaive!
You die...
Beogh appreciates the orc warrior's killing of a heretic priest.

#............#.#.##..............
...............................#.
....#####..........[..####.....#.
....# #..............# #.....#.
...######...#..o.#####.#####.....
............#oooo...........##[..
###...........oo#............([..
#†..(.....................##(#.
#.............@.....#......#...
#.......##....................#
#.......##.####.......o.#......
#.......##.# #........oo......
........##.# #.........#o.....
........#8.8# #.........#...#..
...######...# #.>.......##....#
#8.8# ####...####...... ≈...≈
#...# ##.....


You could see an orc warrior, a friendly orc warrior and 4 friendly orcs.

Vanquished Creatures
  Grinder (D:4)
  Sigmund (D:2)
  Grum (D:5)
  An orc warrior (D:6)
  A sky beast (D:6)
  2 wolves (D:5)
  A centaur (D:6)
  2 bullfrogs (D:6)
  3 scorpions
  A howler monkey (D:6)
  3 crimson imps
  3 orc priests
  9 hounds
  A gnoll shaman (D:5)
  A jelly (D:6)
  Ijyb (D:4)
  8 orc wizards
  Natasha (thrice) (D:2 D:3)
  A worker ant (D:5)
  Robin (D:4)
  10 gnolls
  4 adders
  4 oozes
  2 adder zombies (D:6)
  3 worms (D:3)
  A dart slug (D:1)
  9 leopard geckos
  17 orcs
  9 bats
  4 giant cockroaches
  8 hobgoblins
  9 jackals
  7 kobolds
  5 frilled lizards
  14 goblins
  4 rats
155 creatures vanquished.

Vanquished Creatures (collateral kills)
  A hornet (D:6)
  A sky beast (D:6)
  2 orc warriors (D:6)
  An ogre (D:6)
  A scorpion (D:6)
  A gnoll shaman (D:5)
  An orc priest (D:2)
  An iguana (D:6)
  A worker ant (D:6)
  A howler monkey skeleton (D:6)
  2 orcs (D:6)
  A giant cockroach (D:2)
  A goblin (D:2)
  A rat (D:2)
16 creatures vanquished.

Vanquished Creatures (others)
  An orc warrior (D:6)
  An orc priest (D:3)
  An orc wizard (D:6)
  An ooze (D:3)
  9 orcs
  A goblin (D:3)
14 creatures vanquished.

Grand Total: 185 creatures vanquished

Notes
Turn   | Place    | Note
-------+----------+-------------------------------------------
     0 | D:1      | Hogrash the Hill Orc Monk began the quest for the Orb.
     0 | D:1      | Reached XP level 1. HP: 19/19 MP: 1/1
   495 | D:1      | Reached XP level 2. HP: 26/26 MP: 2/2
   626 | D:1      | Reached skill level 5 in Axes
   858 | D:1      | Reached XP level 3. HP: 22/31 MP: 3/3
  1379 | D:2      | Noticed Natasha
  1390 | D:2      | Killed Natasha
  1390 | D:2      | Reached skill level 6 in Axes
  1390 | D:2      | Reached XP level 4. HP: 24/39 MP: 4/4
  1526 | D:2      | Noticed Natasha
  1526 | D:2      | Noticed Sigmund
  1550 | D:3      | Killed Natasha
  1566 | D:3      | Reached skill level 7 in Axes
  1783 | D:3      | Reached XP level 5. HP: 40/45 MP: 5/5
  1905 | D:3      | Became a worshipper of Beogh the Brigand
  1905 | D:3      | Reached * piety under Beogh
  1905 | D:3      | Reached ** piety under Beogh
  1906 | D:3      | Noticed Natasha
  1987 | D:3      | Killed Natasha
  2021 | D:3      | Reached skill level 8 in Axes
  2442 | D:4      | Reached XP level 6. HP: 46/51 MP: 6/6
  2449 | D:4      | Noticed Ijyb
  2455 | D:4      | Reached skill level 9 in Axes
  2463 | D:4      | Killed Ijyb
  2490 | D:4      | Noticed Grinder
  2714 | D:4      | Noticed Robin
  2733 | D:4      | Killed Robin
  2900 | D:4      | Killed Grinder
  2900 | D:4      | Reached skill level 10 in Axes
  2900 | D:4      | Reached skill level 1 in Armour
  2900 | D:4      | Reached XP level 7. HP: 32/60 MP: 7/7
  3394 | D:5      | Entered Level 5 of the Dungeon
  3436 | D:5      | Reached *** piety under Beogh
  3436 | D:5      | Reached skill level 5 in Fighting
  3568 | D:5      | Reached XP level 8. HP: 63/68 MP: 8/8
  3824 | D:5      | Noticed Grum
  4127 | D:5      | Killed Grum
  4127 | D:5      | Reached skill level 11 in Axes
  4858 | D:2      | Killed Sigmund
  4858 | D:2      | Reached skill level 5 in Armour
  5667 | D:5      | Found a staircase to the Ecumenical Temple.
  5745 | D:5      | Reached XP level 9. HP: 78/79 MP: 9/9
  6322 | D:5      | Reached **** piety under Beogh
  6556 | D:6      | Reached skill level 12 in Axes
  7135 | D:6      | Noticed a hornet
  7142 | D:6      | Killed a hornet
  7654 | D:6      | Slain by an orc warrior

Skill      XL: |  1  2  3  4  5  6  7  8  9 |
---------------+----------------------------+-----
Axes           | 5 6 7 8 10 11 12 | 12.4
Fighting       | 4 5 7 8 |  8.6
Armour         | 1 3 5 6 |  6.9
Dodging        | |  2.4
Stealth        | |  1.5

Action                   |  1- 3 |  4- 6 |  7- 9 || total
-------------------------+-------+-------+-------++-------
Melee: Hand axe          |   117 |    27 |       ||   144
       War axe           |       |   142 |   291 ||   433
Invok: Convert to Beogh  |       |     1 |       ||     1
Evoke: Wand              |       |       |    10 ||    10
  Use: Potion            |       |     2 |       ||     2
       Scroll            |       |     6 |       ||     6
 Stab: Sleeping          |     1 |       |       ||     1
       Distracted        |       |       |     3 ||     3
  Eat: Chunk             |     2 |     5 |    15 ||    22
Armor: Robe              |    10 |       |       ||    10
       Chain mail        |    36 |   121 |       ||   157
       Plate armour      |       |    12 |   216 ||   228
Dodge: Dodged            |    72 |    78 |    78 ||   228
